 Dungeon Crawl Stone Soup version 0.25-a0-713-g4845790874 (webtiles) character file.

Game seed: 13198460619106427749, levelgen mode: deterministic

1575 Strygalldwir the Digger (level 8, -9/45 HPs)
             Began as a Gargoyle Earth Elementalist on Apr 5, 2020.
             Mangled by an orc warrior
             ... wielding a +0 halberd
              (13 damage)
             ... on level 6 of the Dungeon.
             The game lasted 00:15:34 (6085 turns).

Strygalldwir the Digger (GrEE)                      Turns: 6085, Time: 00:15:35

Health: -9/45      AC: 14    Str: 11    XL:     8   Next: 91%
Magic:  15/15      EV: 12    Int: 19    God:
Gold:   375        SH:  0    Dex: 10    Spells: 5/17 levels left

rFire    + . .     SeeInvis .   r - +2 trident (vorpal)
rCold    . . .     Gourm    .   (no shield)
rNeg     + . .     Faith    .   p - +2 leather armour {rF+}
rPois    ∞         Spirit   .   (no helmet)
rElec    +         Reflect  .   o - +2 cloak
rCorr    .         Harm     .   (no gloves)
MR       .....                  (no boots)
Stlth    ++........             (no amulet)
HPRegen  0.15/turn              (no ring)
MPRegen  0.14/turn              (no ring)

@: no status effects
A: negative energy resistance 1, electricity resistance, unbreathing,
petrification resistance, rot immunity, AC +5
a: no special abilities


You were on level 6 of the Dungeon.
You were not hungry.

You visited 1 branch of the dungeon, and saw 6 of its levels.

You collected 375 gold pieces.

Inventory:

Hand Weapons
 e - a +2 whip of holy wrath
 r - a +2 vorpal trident (weapon)
 w - a +0 flail
 x - a +2 dagger of holy wrath
 y - a +3 dire flail of protection
Missiles
 b - 75 stones (quivered)
 u - 5 silver javelins
Armour
 c - a +0 robe
 o - a +2 cloak (worn)
 p - a +2 leather armour of fire resistance (worn)
Scrolls
 a - 2 scrolls of amnesia
 g - a scroll of immolation
 h - a scroll of remove curse
 j - 3 scrolls of magic mapping
 l - 2 scrolls of teleportation
 s - a scroll of blinking
 v - 2 scrolls of fear
Potions
 i - a potion of mutation {unknown}
 k - a potion of stabbing
 m - a potion of cancellation
 n - 4 potions of curing
 q - 2 potions of heal wounds
 t - 2 potions of flight
 z - a potion of might
Comestibles
 d - 13 rations


   Skills:
 + Level 2.6 Fighting
 + Level 2.5 Maces & Flails
 + Level 2.8 Armour
 + Level 2.7 Dodging
 - Level 2.1 Stealth
 + Level 5.2 Spellcasting
 + Level 5.3 Conjurations
   Level 0.7 Transmutations
 + Level 7.5 Earth Magic


You had 5 spell levels left.
You knew the following spells:

 Your Spells              Type           Power        Failure   Level  Hunger
a - Sandblast             Erth           ####..       1%          1    None
b - Stone Arrow           Conj/Erth      ####..       3%          3    ##.....
c - Lee's Rapid Deconstr  Erth           ####......   19%         5    #####..
d - Dazzling Flash        Conj/Hex       ###...       16%         3    ##.....

Your spell library contained the following spells:

 Spells                   Type           Power        Failure   Level  Hunger
 Magic Dart               Conj           ####         1%          1    None
 Searing Ray              Conj           ####..       2%          2    None
 Passwall                 Tmut/Erth      ###.....     4%          2    None
 Animate Skeleton         Necr           N/A          16%         1    None
 Apportation              Tloc           #.....       16%         1    None
 Corona                   Hex            #......      16%         1    None
 Summon Small Mammal      Summ           #...         16%         1    None
 Petrify                  Tmut/Erth      ###.....     28%         4    ####...
 Confusing Touch          Hex            #.......     43%         3    ##.....
 Gell's Gravitas          Tloc           #.........   43%         3    ##.....
 Fulminant Prism          Conj/Hex       ###.......   45%         4    ####...
 Iskenderun's Mystic Bla  Conj/Tloc      ###.....     45%         4    ####...
 Yara's Violent Unravell  Hex/Tmut       #.........   98%         5    #####..
 Metabolic Englaciation   Hex/Ice        #.........   99%         5    #####..


Dungeon Overview and Level Annotations

Branches:
Dungeon (6/15)
 Temple: D:4-7

Altars:
Ashenzari
Cheibriados
Dithmenos
Fedhas
Kikubaaqudgha
Makhleb
Nemelex Xobeh
Okawaru
Ru
Trog
Wu Jian
Xom
Yredelemnul
The Shining One

Shops:
D:6 :


Innate Abilities, Weirdness & Mutations

You are resistant to torment.
Your stone body is resilient. (AC +5)
You are immune to poison.
You resist negative energy. (rN+)
You are resistant to electric shocks. (rElec)
You can survive without breathing.
You are immune to petrification.
You are immune to rotting.


Message History

The orc warrior is lightly wounded.
The orc warrior hits you from afar with a +0 halberd.
You are too injured to fight recklessly!
Attack whom?
Press: ? - help, Dir - move target cursor, f/p - orc warrior
Aim: an orc warrior, wielding a +0 halberd and wearing a +0 plate armour (lightly wounded)
You reach to attack!
You hit the orc warrior but do no damage.
The orc warrior is lightly wounded.
The orc warrior hits you from afar with a +0 halberd!!
* * * LOW HITPOINT WARNING * * *
You are too injured to fight recklessly!
Attack whom?
Press: ? - help, Dir - move target cursor, f/p - orc warrior
Aim: an orc warrior, wielding a +0 halberd and wearing a +0 plate armour (lightly wounded)
You reach to attack!
You hit the orc warrior but do no damage.
The orc warrior is lightly wounded.
The orc warrior hits you from afar with a +0 halberd!
You die...

#.#∩. #.#.# #
#.#.###.### #
#.#........
#.#.#..#....
#.#.......
#......# ##
#...<)[# .. #
##..@##.#.#.#
#o### #o.#.# #.
#.... #
##.o###..#
#.<.o..%..
.......o.oo.$.#
.#######.###.##


zo o#o You could see an orc warrior.

Vanquished Creatures
  Sigmund (D:3)
  Menkaure (D:4)
  Edmund (D:4)
  An ice beast (D:5)
  2 ogres (D:5)
  A centaur (D:4)
  3 wights (D:5)
  A gnoll shaman (D:4)
  2 hounds (D:4)
  An orc wizard (D:4)
  An orc priest (D:3)
  2 iguanas
  Natasha (thrice) (D:2)
  Terence (D:3)
  A worker ant (D:5)
  A hound zombie (D:5)
  A hound skeleton (D:4)
  A worker ant zombie (D:4)
  9 gnolls (D:4)
  13 adders
  An adder skeleton (D:5)
  4 worms
  4 dart slugs
  A leopard gecko (D:3)
  14 orcs
  9 bats
  7 giant cockroaches
  14 goblins
  16 hobgoblins
  15 jackals
  11 ball pythons
  5 frilled lizards
  A jackal skeleton (D:4)
  8 kobolds
  10 rats
167 creatures vanquished.

Vanquished Creatures (others)
  A giant cockroach (D:2)
1 creature vanquished.

Grand Total: 168 creatures vanquished

Notes
Turn   | Place    | Note
-------+----------+-------------------------------------------
     0 | D:1      | Strygalldwir the Gargoyle Earth Elementalist began the
                  | quest for the Orb.
     0 | D:1      | Reached XP level 1. HP: 10/10 MP: 3/3
   313 | D:2      | Reached skill level 4 in Earth Magic
   313 | D:2      | Reached XP level 2. HP: 8/15 MP: 0/5
   630 | D:1      | Reached XP level 3. HP: 19/19 MP: 6/6
   635 | D:1      | Learned a level 3 spell: Stone Arrow
   994 | D:1      | Reached skill level 1 in Conjurations
  1628 | D:2      | Reached XP level 4. HP: 23/24 MP: 8/8
  1644 | D:2      | Noticed Natasha
  1648 | D:2      | Killed Natasha
  1797 | D:2      | Reached skill level 5 in Earth Magic
  1952 | D:2      | Found an iron altar of Okawaru.
  1973 | D:2      | Noticed Natasha
  1994 | D:2      | Killed Natasha
  1994 | D:2      | Reached XP level 5. HP: 24/28 MP: 1/10
  2308 | D:2      | Noticed Natasha
  2318 | D:2      | Killed Natasha
  2329 | D:2      | Learned a level 5 spell: Lee's Rapid Deconstruction
  2585 | D:3      | Noticed Sigmund
  2696 | D:3      | Killed Sigmund
  2696 | D:3      | Reached skill level 6 in Earth Magic
  2696 | D:3      | Reached XP level 6. HP: 18/32 MP: 5/12
  2787 | D:3      | Noticed Terence
  2811 | D:3      | Killed Terence
  2990 | D:3      | Reached XP level 7. HP: 36/36 MP: 13/13
  3146 | D:3      | Learned a level 3 spell: Dazzling Flash
  3236 | D:3      | You fall into a shaft and drop 2 floors!
  3236 | D:5      | Entered Level 5 of the Dungeon
  4268 | D:4      | Found a sacrificial altar of Ru.
  4533 | D:4      | Noticed Menkaure
  4536 | D:4      | Killed Menkaure
  4536 | D:4      | Reached skill level 1 in Fighting
  4536 | D:4      | Reached skill level 1 in Maces & Flails
  4536 | D:4      | Reached skill level 1 in Armour
  4536 | D:4      | Reached skill level 7 in Earth Magic
  4536 | D:4      | Reached XP level 8. HP: 42/43 MP: 5/15
  4538 | D:4      | Noticed Edmund
  4563 | D:4      | Killed Edmund
  4720 | D:4      | Reached skill level 5 in Spellcasting
  4949 | D:4      | Found a shattered altar of Ashenzari.
  4951 | D:4      | Found a bloodstained altar of Trog.
  4955 | D:4      | Found a glowing golden altar of the Shining One.
  4956 | D:4      | Found a basalt altar of Yredelemnul.
  4956 | D:4      | Found a burning altar of Makhleb.
  4956 | D:4      | Found an ornate altar of the Wu Jian Council.
  4956 | D:4      | Found a sparkling altar of Nemelex Xobeh.
  4958 | D:4      | Found a shimmering altar of Xom.
  4959 | D:4      | Found a blossoming altar of Fedhas.
  4960 | D:4      | Found a shadowy altar of Dithmenos.
  5152 | D:4      | Found a snail-covered altar of Cheibriados.
  5437 | D:5      | Reached skill level 5 in Conjurations
  5518 | D:5      | Found an ancient bone altar of Kikubaaqudgha.
  6060 | D:6      | Found Tiuweyr's Book Shop.
  6085 | D:6      | Mangled by an orc warrior

Levels and vault maps discovered:
D:1:      roderic_dead_forest, layout_rooms, minmay_hedge_maze
D:2:      layout_loops_ring, overflow_temple_1_default, first_ration,
          uniq_natasha
D:3:      layout_loops_ring, chequers_big_river, minmay_snake_closets,
          uniq_terence, uniq_sigmund
D:4:      cheibrodos_greedy_goblins, layout_gridville, minitemple,
          lemuel_round_altar, chei_slow_surprise, uniq_menkaure, uniq_edmund
D:5:      layout_basic, basic_altar
D:6:      layout_loops_ring, minmay_temple_entry_statues_pillars, serial_shops,
          shop

Skill      XL: |  1  2  3  4  5  6  7  8 |
---------------+-------------------------+-----
Earth Magic    | 4 5 6 7 |  7.5
Conjurations   | 1 2 3 4 5 |  5.3
Spellcasting   | 3 4 5 |  5.2
Fighting       | 1 2 |  2.6
Maces & Flails | 1 2 |  2.5
Armour         | 1 2 |  2.8
Dodging        | 2 |  2.7
Stealth        | |  2.1
Transmutations | |  0.7

Action                   |  1- 3 |  4- 6 |  7- 9 || total
-------------------------+-------+-------+-------++-------
Melee: Spear             |   140 |    35 |       ||   175
       Short sword       |       |    80 |       ||    80
       Trident           |       |    35 |   228 ||   263
 Cast: Sandblast         |    13 |    35 |    59 ||   107
       Stone Arrow       |     1 |     1 |     4 ||     6
       Dazzling Flash    |       |       |     1 ||     1
  Use: Scroll            |     1 |     8 |     4 ||    13
       Potion            |     1 |     1 |       ||     2
 Stab: Sleeping          |       |     1 |     8 ||     9
  Eat: Chunk             |     2 |     6 |     8 ||    16
       Ration            |       |       |     1 ||     1
Armor: Robe              |    64 |    29 |       ||    93
       Leather armour    |       |    40 |   162 ||   202
Dodge: Dodged            |   119 |   107 |   208 ||   434

Table legend:
 A = Non-vault XP
 B = Vault XP
 C = Vault XP percentage of total XP
 D = Non-vault monster count
 E = Vault monster count
 F = Vault count percentage of total count
                 A         B        C        D         E       F
            +---------+---------+-------+---------+---------+-------
      Total |    1537 |     714 |  31.7 |     138 |      29 |  17.4
            +---------+---------+-------+---------+---------+-------
        D:1 |      48 |       0 |   0.0 |      28 |       0 |   0.0
        D:2 |     184 |      36 |  16.4 |      37 |       1 |   2.6
        D:3 |     126 |     323 |  71.9 |      29 |      14 |  32.6
        D:4 |     513 |     355 |  40.9 |      26 |      14 |  35.0
        D:5 |     654 |       0 |   0.0 |      14 |       0 |   0.0
        D:6 |      12 |       0 |   0.0 |       4 |       0 |   0.0
            +---------+---------+-------+---------+---------+-------
